 Dungeon Crawl Stone Soup version 0.14-a0-1811-gdc2d5af (webtiles) character file.

108 4tharraofdagon the Ducker (level 4, -8/34 HPs)
             Began as a Merfolk Gladiator on Jan 8, 2014.
             Mangled by an ogre
             ... wielding a +0,+0 giant club
              (16 damage)
             ... on Level 5 of the Dungeon.
             The game lasted 00:02:24 (741 turns).

4tharraofdagon the Ducker (Merfolk Gladiator)        Turns: 741, Time: 00:02:25

HP  -8/34        AC  9     Str 16      XL: 4   Next: 19%
MP   4/4         EV  6     Int  7      God:
Gold 40          SH  0     Dex 14      Spells:  0 memorised,  3 levels left

rFire  . . .     SeeInvis +     a - +0 falchion
rCold  . . .     Clarity  .     g - +0 chain mail
rNeg   . . .     Conserve .     (no shield)
rPois  .         rCorr    .     c - +0 helmet
rElec  .         rRot     .     (no cloak)
SustAb . .       Spirit   .     (no gloves)
rMut   .         Warding  .     (no boots)
Saprov . . .     Stasis   .     (no amulet)
                                (no ring)
                                (no ring)

@: slightly resistant to hostile enchantments, extremely unstealthy
A: change form in water, swift swim, see invisible
a: no special abilities


You were on level 5 of the Dungeon.
You were not hungry.

You visited 1 branch of the dungeon, and saw 5 of its levels.

You collected 40 gold pieces.

Inventory:

Hand weapons
 a - a +0,+0 falchion (weapon)
 l - a +0,+2 whip of venom
Missiles
 d - 3 throwing nets (quivered)
Armour
 b - a +0 leather armour
 c - a +0 helmet (worn)
 g - a +0 chain mail (worn)
Magical devices
 t - a wand of frost (10)
Comestibles
 f - a bread ration
 n - a honeycomb
 p - a lemon
 u - a meat ration
Scrolls
 e - a scroll of enchant weapon II {unknown}
 h - 2 scrolls of teleportation {unknown}
 i - a scroll of remove curse {unknown}
 k - 2 scrolls of immolation {unknown}
 m - a scroll of magic mapping {unknown}
 q - 2 scrolls of recharging {unknown}
 r - a scroll of random uselessness {unknown}
 s - a scroll of curse armour


   Skills:
 + Level 2.9 Fighting
 * Level 4.4 Long Blades
 - Level 2.0 Throwing
 + Level 0.5 Armour
 + Level 4.5 Dodging


You had 3 spell levels left.
You didn't know any spells.

Dungeon Overview and Level Annotations

Branches:
Dungeon (5/16)
 Temple: D:4-7

Altars:
Kikubaaqudgha
Vehumet


Innate Abilities, Weirdness & Mutations

You revert to your normal form in water.
You are very nimble and swift while swimming.
You have supernaturally acute eyesight.


Message History

Your magical contamination has completely faded away.
There is an escape hatch in the floor here.
The quokka bites you.
* * * LOW HITPOINT WARNING * * *
You slide downwards.
The hatch slams shut behind you.
An ogre comes into view. It is wielding a giant club.
The ogre shouts!
Unknown command.
You hit the quokka.
You kill the quokka!
A giant cockroach comes into view.
You hit the giant cockroach but do no damage.
The giant cockroach bites you but does no damage.
You aren't carrying any potions.
Read which item? (? for menu, Esc to quit)
As you read the scroll labeled SKYWOI PHIRAPU, it crumbles to dust.
Use on which item? (\ to view known items) (? for menu, Esc to quit)
s - a scroll of curse armour It was a scroll of identify.
The ogre hits you with a giant club!
You die...

#.###########
#.........O.##
####.#.#.##..#
####.##.#
##O.# #@.##
#s## #.. ##..
.## ##


You could see an ogre and a giant cockroach.

Vanquished Creatures
  4 adders
  A giant gecko (D:2)
  3 bats
  2 bat zombies (D:2)
  A giant cockroach (D:2)
  4 goblins
  3 hobgoblins
  2 kobolds
  2 quokkas
  A giant newt (D:3)
  5 rats
  2 rat zombies (D:2)
30 creatures vanquished.

Notes
Turn   | Place    | Note
--------------------------------------------------------------
     0 | D:1      | 4tharraofdagon, the Merfolk Gladiator, began the quest for the Orb.
     0 | D:1      | Reached XP level 1. HP: 16/16 MP: 1/1
   236 | D:2      | Gained mutation: You have supernaturally acute eyesight. [potion of beneficial mutation]
   253 | D:2      | Reached XP level 2. HP: 21/23 MP: 2/2
   357 | D:2      | Found an ancient bone altar of Kikubaaqudgha.
   384 | D:2      | Reached XP level 3. HP: 17/28 MP: 3/3
   615 | D:3      | Reached XP level 4. HP: 14/34 MP: 4/4
   671 | D:3      | Found a radiant altar of Vehumet.
   731 | D:5      | Entered Level 5 of the Dungeon
   731 | D:5      | Noticed an ogre
   741 | D:5      | Mangled by an ogre

Action                   |  1- 3 |  4- 6 || total
-------------------------+-------+-------++-------
Melee: Falchion          |    83 |    17 ||   100
  Use: Potion            |     3 |     2 ||     5
       Scroll            |       |     1 ||     1
